 Dungeon Crawl Stone Soup version 0.22-a0-38-gc6ec8ce517 (webtiles) character file.

29 Kaname the Magician (level 3, 24/24 HPs)
             Began as a Demonspawn Wizard on Jan 4, 2018.
             Quit the game on level 1 of the Dungeon.
             The game lasted 00:02:20 (853 turns).

Kaname the Magician (Demonspawn Wizard)              Turns: 853, Time: 00:02:21

Health: 24/24      AC:  2    Str:  7    XL:     3   Next: 1%
Magic:  2/7        EV: 12    Int: 20    God:
Gold:   68         SH:  4    Dex: 11    Spells: 7/8 levels left

rFire    + . .     SeeInvis .   g - +0 dagger
rCold    . . .     Gourm    .   (no shield)
rNeg     . . .     Faith    .   a - +0 robe
rPois    .         Spirit   .   b - +0 hat
rElec    .         Reflect  .   (no cloak)
rCorr    .         Harm     .   (no gloves)
MR       .....                  (no boots)
Stlth    ++........             e - amulet of rage
HPRegen  0.08/turn              (no ring)
MPRegen  0.10/turn              (no ring)

@: no status effects
A: large bone plates 1, fire resistance 1
a: Evoke Berserk Rage


You were on level 1 of the Dungeon.
You were hungry.

You visited 1 branch of the dungeon, and saw 1 of its levels.

You collected 68 gold pieces.

Inventory:

Hand Weapons
 g - a +0 dagger (weapon)
Missiles
 i - a throwing net (quivered)
Armour
 a - a +0 robe (worn)
 b - a +0 hat (worn)
Jewellery
 e - an amulet of rage (around neck)
Scrolls
 f - 3 scrolls of identify {unknown}
 h - a scroll of teleportation {unknown}
 j - a scroll of magic mapping {unknown}
 k - a scroll of immolation {unknown}
Books
 c - a book of Minor Magic

   Spells                             Type                      Level
   a - Magic Dart                     Conjuration                  1
   b - Blink                          Translocation                2
   c - Call Imp                       Summoning                    2
   d - Slow                           Hexes                        2
   e - Conjure Flame                  Conjuration/Fire             3
   f - Mephitic Cloud                 Conjuration/Poison/Air       3
Comestibles
 d - a ration


   Skills:
 - Level 1.7 Dodging
 - Level 1.7 Stealth
 - Level 3.0 Spellcasting
 + Level 3.0 Conjurations
   Level 1.0 Summonings
   Level 0.8 Translocations


You had 7 spell levels left.
You knew the following spells:

 Your Spells              Type           Power        Failure   Level  Hunger
a - Magic Dart            Conj           ###.         4%          1    None


Dungeon Overview and Level Annotations

Branches:
Dungeon (1/15)

Altars:


Innate Abilities, Weirdness & Mutations

You are partially covered in large bone plates. (SH +4)
Your flesh is heat resistant. (rF+)


Message History

Confirm with . or Enter, or press ? or * to list all spells.
Aiming: Magic Dart
Press: ? - help, Shift-Dir - straight line, f/p - hobgoblin
Aim: a hobgoblin, wielding a club (severely wounded)
The magic dart hits the hobgoblin.
You kill the hobgoblin!
Your Conjurations skill increases to level 3!
Casting: Magic Dart
Confirm with . or Enter, or press ? or * to list all spells.
Aiming: Magic Dart
Press: ? - help, Shift-Dir - straight line, f - hobgoblin
Aim: a hobgoblin (severely wounded)
The magic dart hits the hobgoblin.
You kill the hobgoblin!
You have reached level 3!
Your experience leads to an increase in your attributes!
Increase (S)trength, (I)ntelligence, or (D)exterity?
You feel clever.
Your demonic ancestry asserts itself...
Large bone plates grow over parts of your arms.
Are you sure you want to abandon this character and quit the game? (Confirm with "yes".)

##...#
#. #.#
#####.##
#.#
#.....#
#.#
#.###.#
## #.#
#.# #.#
). ...
#.# #.#
s# #.#
#.#
####†.#
#.# #.#
#.....#
#.# #.#
#@#
##.###.#
#.#
.......#
#.#
##.#####
#.# ##.#
#.# ...#
#.# ####
#.# ##.#
#..#


You could see a giant cockroach.

Vanquished Creatures
  A worm (D:1)
  A giant cockroach (D:1)
  A goblin (D:1)
  4 hobgoblins (D:1)
  4 jackals (D:1)
  2 kobolds (D:1)
  2 ball pythons (D:1)
  2 bats (D:1)
  5 frilled lizards (D:1)
  3 rats (D:1)
25 creatures vanquished.

Notes
Turn   | Place    | Note
-------+----------+-------------------------------------------
     0 | D:1      | Kaname the Demonspawn Wizard began the quest for the Orb.
     0 | D:1      | Reached XP level 1. HP: 13/13 MP: 4/4
   255 | D:1      | Gained mutation: Your flesh is heat resistant. (rF+) [demonic ancestry]
   255 | D:1      | Reached XP level 2. HP: 19/19 MP: 6/6
   852 | D:1      | Gained mutation: You are partially covered in large bone plates. (SH +4) [demonic ancestry]
   852 | D:1      | Reached XP level 3. HP: 24/24 MP: 2/7
   853 | D:1      | Quit the game

Vault maps used:
D:1:      evilmike_arrival_run_for_it

Skill      XL: |  1  2 |
---------------+-------+-----
Conjurations   | 2 3 |  3.0
Dodging        | |  1.7
Stealth        | |  1.7
Spellcasting   | |  3.0
Summonings     | |  1.0
Translocations | |  0.8

Action                   || total
-------------------------++-------
Melee: Dagger            ||    16
 Cast: Magic Dart        ||    48
 Abil: Evoke Berserk Rag ||     1
Armor: Robe              ||     4
Dodge: Dodged            ||    14

Table legend:
 A = Spawn XP
 B = Non-spawn XP
 C = Spawn XP percentage of total XP
 D = Spawn monster count
 E = Non-spawn monster count
 F = Spawn count percentage of total count
 G = Total turns spent on level
                    A         B        C        D         E        F      G
               +---------+---------+-------+---------+---------+-------+---------
         Total |       0 |      42 |   0.0 |       0 |      25 |   0.0 |   853
               +---------+---------+-------+---------+---------+-------+---------
           D:1 |       0 |      42 |   0.0 |       0 |      25 |   0.0 |   853
               +---------+---------+-------+---------+---------+-------+---------
